 Dungeon Crawl Stone Soup version 0.26-a0-658-gbdda728c12 (webtiles) character file.

Game seed: 11597269131354037942

143 tacoguy the Conjurer (level 5, -2/28 HPs)
             Began as a Deep Elf Conjurer on Oct 5, 2020.
             Slain by a worm (8 damage)
             ... on level 4 of the Dungeon.
             The game lasted 00:11:27 (3421 turns).

tacoguy the Conjurer (Deep Elf Conjurer)            Turns: 3421, Time: 00:11:27

Health: -2/28      AC:  3    Str:  4    XL:     5   Next: 4%
Magic:  3/14       EV: 13    Int: 24    God:
Gold:   67         SH:  0    Dex: 13    Spells: 3/14 levels left

rFire    . . .     SeeInvis .   i - +2 short sword (drain)
rCold    . . .     Faith    .   (no shield)
rNeg     . . .     Spirit   .   a - +1 robe
rPois    .         Reflect  .   (no helmet)
rElec    .         Harm     .   (no cloak)
rCorr    .         Rampage  .   (no gloves)
MR       .....                  (no boots)
Stlth    ++........             (no amulet)
HPRegen  0.09/turn              (no ring)
MPRegen  0.14/turn              (no ring)

@: no status effects
A: no striking features
a: no special abilities


You were on level 4 of the Dungeon.
You visited 1 branch of the dungeon, and saw 4 of its levels.

You collected 67 gold pieces.

Inventory:

Hand Weapons
 i - a +2 short sword of draining (weapon)
Armour
 a - a +1 robe (worn)
Scrolls
 b - a scroll of remove curse
 c - 2 scrolls of fog
 e - a scroll of amnesia
 f - a scroll of teleportation
 g - 2 scrolls of enchant armour
 j - a scroll of enchant weapon
 k - 5 scrolls of identify
Potions
 d - a potion of curing
 h - a potion of ambrosia {unknown}
 m - a potion of cancellation {unknown}


   Skills:
 - Level 2.4 Dodging
 - Level 2.5 Stealth
 + Level 5.3 Spellcasting
 + Level 5.8 Conjurations


You had 3 spell levels left.
You knew the following spells:

 Your Spells              Type           Power        Failure   Level
a - Magic Dart            Conj           ####         1%          1
b - Searing Ray           Conj           ####..       1%          2
c - Fulminant Prism       Conj/Hex       ###.......   26%         4
d - Iskenderun's Mystic   Conj/Tloc      ###.....     26%         4

Your spell library contained the following spells:

 Spells                   Type           Power        Failure   Level
 Dazzling Flash           Conj/Hex       ###...       8%          3


Dungeon Overview and Level Annotations

Branches:
Dungeon (4/15)
 Temple: D:4-7

Altars:
Dithmenos
Trog


Message History

The worm slams into the rock wall!
The mystic blast hits the orc priest.
You kill the orc priest!
You have reached level 5!
Casting: Iskenderun's Mystic Blast (potentially lethal; 26% risk of failure)
Confirm with . or Enter, or press ? or * to list all spells.
Aiming: Searing Ray (safe; 1% risk of failure)
Press: ? - help, Shift-Dir - straight line, f - worm
Aim: a worm (almost dead) (Press . to maintain the ray.)
The worm bites you.
The phantom hits you but does no damage.
You climb upwards.
There is a stone staircase leading down here.
The phantom hits you!
* * * LOW HITPOINT WARNING * * *
The worm misses you.
You climb downwards.
There is a stone staircase leading up, spattered with blood here.
The worm bites you!
You die...

#.##........##..#
#.....####..###.##
###.##........## .w#
#..............#._...
##.................#..
#...............###...
#...#.#.##......# ..
#...#.#).....<...#
##.##@W..#.........
#...w÷..#.........
####.#..#........#
#.#..#........#
#......########
###..#.# ...#.# #####
#


You could see a phantom and a worm.

Vanquished Creatures
  An orc priest (D:4)
  An orc wizard (D:3)
  3 worms
  A dart slug (D:1)
  A leopard gecko (D:2)
  8 orcs
  A bat (D:3)
  2 giant cockroaches (D:2)
  2 goblins
  8 hobgoblins
  9 jackals
  3 quokkas
  6 frilled lizards
  12 kobolds
  4 rats
62 creatures vanquished.

Vanquished Creatures (others)
  A fulminant prism (D:4)
1 creature vanquished.

Grand Total: 63 creatures vanquished

Notes
Turn   | Place    | Note
-------+----------+-------------------------------------------
     0 | D:1      | tacoguy the Deep Elf Conjurer began the quest for the Orb.
     0 | D:1      | Reached XP level 1. HP: 10/10 MP: 6/6
   386 | D:1      | Reached XP level 2. HP: 15/15 MP: 6/8
   408 | D:1      | Learned a level 2 spell: Searing Ray
  1529 | D:2      | Found a shadowy altar of Dithmenos.
  1534 | D:2      | Reached skill level 5 in Conjurations
  1546 | D:2      | Reached XP level 3. HP: 19/19 MP: 7/10
  2492 | D:3      | Reached XP level 4. HP: 24/24 MP: 6/12
  2702 | D:3      | Reached skill level 5 in Spellcasting
  3104 | D:4      | Learned a level 4 spell: Fulminant Prism
  3109 | D:4      | Learned a level 4 spell: Iskenderun's Mystic Blast
  3109 | D:4      | Found a bloodstained altar of Trog.
  3117 | D:4      | Noticed a phantom
  3414 | D:4      | Reached XP level 5. HP: 13/28 MP: 5/14
  3421 | D:4      | Slain by a worm

Illustrated notes

Levels and vault maps discovered:
D:1:      enne_arrival_octagon_isle, layout_basic
D:2:      layout_basic, nicolae_dithmenos_shadow_blocks
D:3:      layout_rooms
D:4:      layout_basic, grunt_temple_overflow_open, serial_bayou_pond_d,
          trog_three_pillars_becter

Skill      XL: |  1  2  3  4 |
---------------+-------------+-----
Conjurations   | 5 |  5.8
Spellcasting   | 4 5 |  5.3
Dodging        | |  2.4
Stealth        | |  2.5

Action                   |  1- 3 |  4- 6 || total
-------------------------+-------+-------++-------
 Cast: Magic Dart        |    52 |    13 ||    65
       Searing Ray       |    13 |     9 ||    22
       Iskenderun's Myst |       |     3 ||     3
       Fulminant Prism   |       |     1 ||     1
  Use: Scroll            |     8 |       ||     8
       Potion            |     4 |       ||     4
Armor: Robe              |     2 |     2 ||     4
Dodge: Dodged            |    10 |    10 ||    20

Table legend: (Time is in decaauts)
 A = Elapsed time spent in this place.
 B = Non-inter-level travel time spent in this place.
 C = Inter-level travel time spent in this place.
 D = Time resting spent in this place.
 E = Time spent auto-exploring this place.
 F = Levels seen in this place.
 G = Mean time per level.
                   A        B        C        D        E       F      G
               +--------+--------+--------+--------+--------+-----+--------+
         Total |   3421 |   3274 |    147 |   1140 |   1726 |   4 |  855.2 |
       Dungeon |   3421 |   3274 |    147 |   1140 |   1726 |   4 |  855.2 |
               +--------+--------+--------+--------+--------+-----+--------+

Top non-repeatable levels by time:
     D:1: 1381 daAuts
     D:2: 1046 daAuts
     D:3: 878 daAuts
     D:4: 115 daAuts
